 Dungeon Crawl Stone Soup version 0.29.1-12-g30fa7ad0bf (webtiles) character file.

Game seed: 1775300115586296639

4477 javelincjr the Cleaver (level 10, 0/77 HPs)
             Began as a Demonspawn Abyssal Knight on Dec 13, 2022.
             Was an Elder of Lugonu.
             Killed from afar by Erica (12 damage)
             ... with a bolt of poison
             ... on level 9 of the Dungeon.
             The game lasted 00:37:43 (8888 turns).

javelincjr the Cleaver (Demonspawn Abyssal Knight)  Turns: 8888, Time: 00:37:44

Health: 0/77       AC: 16    Str: 15    XL:     10   Next: 15%
Magic:  0/11       EV:  5    Int: 11    God:    Lugonu [****..]
Gold:   609        SH:  0    Dex: 17    Spells: 9/9 levels left

rFire   . . .      SeeInvis .   i - +5 war axe
rCold   . . .      Faith    .   (no shield)
rNeg    . . .      Spirit   +   o - +0 plate armour
rPois   .          Reflect  .   (no helmet)
rElec   .          Harm     .   c - +0 cloak
rCorr   .          Rampage  .   u - +0 pair of gloves
Will    .....                   t - +0 pair of boots
Stlth   ..........              n - amulet of magic regeneration
HPRegen 0.22/turn               k - +4 ring of slaying
MPRegen 0.64/turn               m - +4 ring of protection

@: confused, lethally poisoned (0 -> -22), corroded
A: large bone plates 1, spiny 2, magic shield, magic regeneration, demonic touch
1
a: Renounce Religion, Depart the Abyss, Bend Space, Banish, Corrupt


You were on level 9 of the Dungeon.
You worshipped Lugonu.
Lugonu was greatly pleased with you.
You visited 2 branches of the dungeon, and saw 10 of its levels.
You visited the Abyss 1 time.
You also visited: Ossuary.

You collected 609 gold pieces.

Inventory:

Hand Weapons
 i - a +5 war axe (weapon)
 H - a +2 battleaxe
Missiles
 q - 6 javelins
 w - 11 poisoned darts (quivered)
 I - 6 boomerangs
Armour
 c - a +0 cloak (worn)
 o - a +0 plate armour (worn)
 t - a +0 pair of boots (worn)
 u - a +0 pair of gloves (worn)
 y - +3 acid dragon scales
 E - a scarf of invisibility
Jewellery
 k - a +4 ring of slaying (left hand)
 m - a +4 ring of protection (right hand)
 n - an amulet of magic regeneration (around neck)
 p - a ring of flight
 B - a ring of positive energy
 F - an amulet of the acrobat
Wands
 d - a wand of flame (12)
 h - a wand of digging (7)
 A - a wand of charming (5)
Scrolls
 b - a scroll of magic mapping
 e - a scroll of amnesia
 f - a scroll of teleportation
 x - 3 scrolls of identify
 z - 4 scrolls of poison
 G - a scroll of blinking
Potions
 a - 2 potions of brilliance {unknown}
 g - a potion of haste {unknown}
 j - a potion of berserk rage
 l - 2 potions of cancellation
 r - 2 potions of resistance
 s - a potion of magic {unknown}
 v - 2 potions of flight
 C - 3 potions of heal wounds
 D - 3 potions of curing


   Skills:
 + Level 6.6 Fighting
 + Level 10.8 Axes
 + Level 1.2 Throwing
 + Level 5.4 Armour
 + Level 2.6 Dodging
 + Level 1.2 Stealth
 + Level 1.5 Shields
 + Level 2.6 Invocations


You had 9 spell levels left.
You didn't know any spells.
Your spell library was empty.

Dungeon Overview and Level Annotations

Branches:
Dungeon (9/15)             Temple (1/1) D:7         Ossuary (visited)
   Lair: D:8-11         Orc: D:9-12

Altars:
Ashenzari
Cheibriados
Dithmenos
Fedhas
Gozag
Hepliaklqana
Kikubaaqudgha
Makhleb
Nemelex Xobeh
Okawaru
Qazlal
Ru
Sif Muna
Trog
Uskayaw
Vehumet
Wu Jian
Xom
Yredelemnul

Shops:
D:6 *

Annotations:
D:9 Erica


Innate Abilities, Weirdness & Mutations

You are partially covered in large bone plates. (SH +4)
You are mostly covered in sharp spines.
When hurt, damage is shared between your health and your magic reserves.
You regenerate magic rapidly.
Your touch may inflict minor irresistible damage on your foes.


Message History

You are confused.
You hear some strange, mumbled words.
A lance of force appears from out of thin air!
The lance of force hits you.
You are knocked back by the lance of force.
Found a cloak and a warped ring mail.
Found a stone staircase leading down.
You're too confused to move!
Found a hand axe.
You are more confused.
You hear some strange, mumbled words.
You are more confused.
You slice something!!
You hear some strange, mumbled words.
A bolt of poison appears from out of thin air!
The bolt of poison hits you!!
You are poisoned.
The killer bee attacks as you move away!
The killer bee is struck by your spines.
The killer bee barely misses you.
You feel very sick. Something hits you. Something burns you.
You hear a zap.
A bolt of acid appears from out of thin air!
The bolt of acid hits you!
The killer bee stings you but does no damage.
You feel very sick.
The killer bee stings you but does no damage. x2
You hear some strange, mumbled words.
A lance of force appears from out of thin air!
The lance of force hits you!
* * * LOW HITPOINT WARNING * * *
You are knocked back by the lance of force.
Found a runed orb.
You feel sick.
You're too confused to move!
You feel sick.
You hear some strange, mumbled words.
A bolt of poison appears from out of thin air!
The bolt of poison hits you!
You are lethally poisoned!
You die...

... #.# ( #.## #.# .((##
#...###.#########
...y..####........#.....
#.)y..yl............
#######.{y..........
#...yy........
#.............
#....@........
#.............
#...[..>......
##...[........
#......)#.....
#.#######.[... .. ##...
.. ..


You could see a wyvern and 4 killer bees.

Vanquished Creatures
  A two-headed ogre (D:9)
  Maggie (D:6)
  A hornet (D:7)
  Menkaure (D:7)
  A water moccasin (D:5)
  An orc warrior (D:7)
  An ice beast (D:6)
  A sky beast (D:7)
  3 ogres (D:6)
  A black bear (D:7)
  A phantom (D:5)
  5 bullfrogs
  4 elf zombies (Ossuary)
  A kobold brigand (D:8)
  2 gnoll sergeants
  A necrophage (D:4)
  5 scorpions
  11 wights
  2 howler monkeys
  4 jellies
  A human zombie (Ossuary)
  2 orc priests
  A gnoll bouda (D:4)
  4 hounds
  2 iguanas
  3 orc wizards
  A hound zombie (Ossuary)
  4 mummies (Ossuary)
  7 gnolls
  8 adders
  A shadow imp (D:7)
  An ufetubus (D:4)
  An adder zombie (Ossuary)
  2 dart slugs
  14 orcs
  6 ball pythons
  5 endoplasms
  11 giant cockroaches
  9 goblins
  8 hobgoblins
  3 quokkas
  8 bats
  4 frilled lizards
  A gnoll zombie (Ossuary)
  A goblin zombie (Ossuary)
  A jackal zombie (Ossuary)
  17 kobolds
  A kobold zombie (Ossuary)
  4 rats
  A rat zombie (Ossuary)
180 creatures vanquished.

Vanquished Creatures (others)
  4 starspawn tentacles (Abyss:1)
4 creatures vanquished.

Grand Total: 184 creatures vanquished

Notes
Turn   | Place    | Note
-------+----------+-------------------------------------------
     0 | Abyss:1  | javelincjr the Demonspawn Abyssal Knight began the quest
                  | for the Orb.
     0 | Abyss:1  | Reached XP level 1. HP: 18/18 MP: 2/2
    39 | Abyss:1  | Found a blossoming altar of Fedhas.
    99 | Abyss:1  | Noticed a tentacled starspawn
   109 | Abyss:2  | Found a corrupted altar of Lugonu.
   116 | Abyss:2  | Noticed a crystal guardian
   129 | Abyss:2  | Noticed a small abomination
   142 | Abyss:2  | Noticed a wretched star
   144 | Abyss:2  | Noticed a hell knight
   144 | Abyss:2  | Noticed a necromancer
   144 | Abyss:2  | Noticed a necromancer
   145 | D:1      | Escaped the Abyss
   281 | D:1      | Reached ** piety under Lugonu
   409 | D:1      | Reached skill level 2 in Axes
   409 | D:1      | Gained mutation: You regenerate magic rapidly. [demonic
                  | ancestry]
   409 | D:1      | Reached XP level 2. HP: 20/24 MP: 3/3
   921 | D:1      | Found a faded altar of an unknown god.
  2203 | D:1      | Reached XP level 3. HP: 29/29 MP: 4/4
  2317 | D:2      | Reached skill level 1 in Dodging
  3001 | D:2      | Gained mutation: When hurt, damage is shared between your
                  | health and your magic reserves. [demonic ancestry]
  3001 | D:2      | Reached XP level 4. HP: 30/37 MP: 5/5
  3494 | D:3      | Reached skill level 1 in Stealth
  3534 | D:3      | Reached skill level 3 in Axes
  3541 | D:3      | Reached *** piety under Lugonu
  3551 | D:3      | Gained mutation: You are partially covered in sharp spines.
                  | [demonic ancestry]
  3551 | D:3      | Reached XP level 5. HP: 34/42 MP: 6/6
  4112 | D:4      | Reached skill level 4 in Axes
  4112 | D:4      | Gained mutation: Your touch may inflict minor irresistible
                  | damage on your foes. [demonic ancestry]
  4112 | D:4      | Reached XP level 6. HP: 45/48 MP: 7/7
  4787 | D:5      | Entered Level 5 of the Dungeon
  4798 | D:5      | Noticed a water moccasin
  4802 | D:5      | Killed a water moccasin
  4803 | D:5      | Reached skill level 5 in Axes
  4803 | D:5      | Reached XP level 7. HP: 53/55 MP: 6/8
  4846 | D:5      | Found a snail-covered altar of Cheibriados.
  4883 | D:5      | Found a hide-covered altar of Uskayaw.
  4997 | D:5      | Found a sand-covered staircase.
  5018 | Ossuary  | Entered an ossuary
  5031 | Ossuary  | Reached skill level 6 in Axes
  5038 | Ossuary  | Reached skill level 5 in Fighting
  5038 | Ossuary  | Gained mutation: You are partially covered in large bone
                  | plates. (SH +4) [demonic ancestry]
  5038 | Ossuary  | Reached XP level 8. HP: 54/62 MP: 7/9
  5094 | Ossuary  | Reached **** piety under Lugonu
  5594 | D:6      | Noticed Maggie
  5615 | D:6      | Killed Maggie
  5616 | D:6      | Reached skill level 7 in Axes
  5711 | D:6      | Found Arre's General Store.
  5973 | D:6      | Reached skill level 8 in Axes
  6238 | D:6      | Reached skill level 1 in Throwing
  6500 | D:6      | Gained mutation: You are mostly covered in sharp spines.
                  | [demonic ancestry]
  6500 | D:6      | Reached XP level 9. HP: 62/68 MP: 10/10
  6661 | D:6      | Found a sparkling altar of Nemelex Xobeh.
  6661 | D:6      | Found a broken altar of Ashenzari.
  6679 | D:6      | Reached skill level 9 in Axes
  6829 | D:7      | Found a staircase to the Ecumenical Temple.
  6846 | Temple   | Entered the Ecumenical Temple
  7202 | D:7      | Noticed Menkaure
  7212 | D:7      | Killed Menkaure
  7215 | D:7      | Reached skill level 1 in Shields
  7565 | D:7      | Reached skill level 10 in Axes
  7938 | D:8      | Reached skill level 5 in Armour
  8649 | D:8      | Reached XP level 10. HP: 77/77 MP: 11/11
  8866 | D:9      | Noticed a two-headed ogre
  8868 | D:9      | Noticed Erica
  8876 | D:9      | Killed a two-headed ogre
  8888 | D:9      | Killed from afar by Erica

Illustrated notes

Levels and vault maps discovered:
D:1:      lightli_arrival_boilingwater, layout_loops_ring,
          hellmonk_ecumenical_altar_zigzags, nicolae_kite_square_tiling_tiny,
          lemuel_flame_loot_1
D:2:      cheibrodos_greedy_goblins, layout_loops_cross, minmay_unequal
D:3:      minmay_roachtagon, layout_loops_ring
D:4:      layout_cave_pools
D:5:      layout_rooms, mainiacjoe_overflow_catch_the_wave,
          nicolae_ossuary_entry_false_entrances
D:6:      nicolae_cairo_tiling_large, layout_rooms, jmf_multi_god_temple,
          serial_shops, nicolae_shop_hallway_stairs, uniq_maggie
D:7:      layout_loops_ring, minmay_temple_entry_junction, uniq_menkaure
D:8:      layout_gridville
D:9:      layout_rooms, orc_0_dummy, amcnicky_mini_rare_corridor_liquid,
          uniq_erica, uniq_erolcha
Temple:   nicolae_temple_two_arcs

Skill      XL: |  1  2  3  4  5  6  7  8  9 |
---------------+----------------------------+-----
Axes           | 2 3 4 5 6 8 10 | 10.8
Armour         | 2 3 4 5 |  5.4
Dodging        | 1 2 |  2.6
Stealth        | 1 |  1.2
Fighting       | 4 5 6 |  6.6
Throwing       | 1 |  1.2
Shields        | 1 |  1.5
Invocations    | |  2.6

Action                   |  1- 3 |  4- 6 |  7- 9 | 10-12 || total
-------------------------+-------+-------+-------+-------++-------
Melee: Hand axe          |   132 |     9 |       |       ||   141
       War axe           |       |    70 |   175 |     9 ||   254
       Punch             |       |     3 |     2 |       ||     5
       Touch             |       |     8 |    35 |     3 ||    46
Throw: Dart              |       |       |     7 |     4 ||    11
Invok: Depart the Abyss  |     1 |       |       |       ||     1
  Use: Scroll            |       |       |    25 |       ||    25
 Stab: Sleeping          |     2 |       |       |       ||     2
Armor: Leather armour    |    31 |     5 |       |       ||    36
       Plate armour      |       |    78 |   126 |     8 ||   212
Dodge: Dodged            |    74 |    17 |    34 |     1 ||   126
Block: Other             |       |       |    24 |     1 ||    25
